 Dungeon Crawl Stone Soup version 0.31-a0-263-ge8cad7f256 (webtiles) character file.

Game seed: 17874120833461561980

93 qw the Shooter (level 4, -1/26 HPs)
             Began as a Gargoyle Hexslinger on July 13, 2023.
             Was an Initiate of Okawaru.
             Slain by a water moccasin (6 damage)
             ... on level 3 of the Dungeon.
             The game lasted 00:00:41 (1524 turns).

qw the Shooter (Gargoyle Hexslinger)                Turns: 1524, Time: 00:00:42

Health: -1/26      AC:  8    Str: 11    XL:     4   Next: 61%
Magic:  5/5        EV: 10    Int: 14    God:    Okawaru [......]
Gold:   127        SH:  0    Dex: 14    Spells: 4/5 levels left

rFire   . . .        Y - +2 sling
rCold   . . .        (no shield)
rNeg    + . .        d - +0 ring mail
rPois   inf          (no helmet)
rElec   +            (no cloak)
rCorr   .            (no gloves)
SInv    .            (no boots)
Will    .....        (no amulet)
Stlth   +            (no ring)
HPRegen 0.24/turn    (no ring)
MPRegen 0.09/turn

%: no passive effects
@: no status effects
A: sickness immunity, AC +3, negative energy resistance 1, electricity
resistance, torment resistance 1, petrification resistance
a: Renounce Religion


You were on level 3 of the Dungeon.
You worshipped Okawaru.
Okawaru was noncommittal.
You visited 1 branch of the dungeon, and saw 3 of its levels.

You collected 127 gold pieces.


Innate Abilities, Weirdness & Mutations

You are immune to sickness and miasma.
Your stone body is resilient. (AC +3)
You are immune to poison.
You resist negative energy. (rN+)
You are resistant to electric shocks. (rElec)
You are resistant to unholy torment.
You are immune to petrification.


   Skills:
 - Level 2.0 Fighting
 + Level 4.2 Ranged Weapons
 - Level 1.0 Armour
 - Level 1.5 Dodging
 - Level 1.0 Spellcasting
 - Level 2.6 Hexes


You had 4 spell levels left.
You knew the following spells:

 Your Spells              Type           Power      Damage    Failure   Level
a - Slow                  Hex            32%        N/A       21%         1

Your spell library contained the following spells:

 Spells                   Type           Power      Damage    Failure   Level
 Inner Flame              Hex/Fire       4%         N/A       71%         3
 Portal Projectile        Hex/Tloc       8%         N/A       71%         3
 Cause Fear               Hex            4%         N/A       90%         4

Inventory:

Hand Weapons
 Y - a +2 sling (weapon)
Armour
 d - a +0 ring mail (worn)
Scrolls
 a - a scroll of identify
 g - a scroll of fog {unknown}
Potions
 b - a potion of brilliance {unknown}
 c - a potion of curing {unknown}
 e - a potion of enlightenment {unknown}
 f - a potion of degeneration {unknown}
 h - a potion of lignification {unknown}

Dungeon Overview and Level Annotations

Branches:
Dungeon (3/15)

Altars:
Okawaru


Message History

The sling bullet hits the water moccasin.
The water moccasin is lightly wounded.
You shoot a sling bullet.
The sling bullet misses the water moccasin.
You shoot a sling bullet.
The sling bullet barely misses the water moccasin.
You shoot a sling bullet.
The sling bullet hits the water moccasin.
The water moccasin is lightly wounded.
The water moccasin bites you!
You shoot a sling bullet.
The sling bullet hits the water moccasin.
The water moccasin is moderately wounded.
The water moccasin closely misses you. The water moccasin bites you.
You shoot a sling bullet.
The sling bullet closely misses the water moccasin.
The water moccasin barely misses you.
You shoot a sling bullet.
The sling bullet hits the water moccasin.
The water moccasin is moderately wounded.
The water moccasin bites you but does no damage.
The water moccasin bites you!
You shoot a sling bullet.
The sling bullet misses the water moccasin.
The water moccasin bites you. The water moccasin barely misses you.
You shoot a sling bullet.
The sling bullet barely misses the water moccasin.
The water moccasin completely misses you.
The water moccasin bites you but does no damage.
You shoot a sling bullet.
The sling bullet barely misses the water moccasin.
The water moccasin closely misses you. The water moccasin bites you.
You shoot a sling bullet.
The sling bullet hits the water moccasin.
The water moccasin is moderately wounded.
The water moccasin bites you. The water moccasin closely misses you.
You shoot a sling bullet.
The sling bullet closely misses the water moccasin.
The water moccasin barely misses you. The water moccasin bites you.
You die...

###[.<......#
............#
#.......<.#
#......%).#
#.........#
###.....?...#
#...........#
....#......##.#
.## ###@.7..###
#.S.....#
#..7)....#
..$....<..#
#.#.. .....#
#.##. .....# #
.. .7%.## ..
...##


You could see a water moccasin.

Vanquished Creatures
  Jessica (D:2)
  2 adders (D:2)
  2 worms
  An orc (D:3)
  7 bats
  3 endoplasms (D:1)
  2 giant cockroaches (D:2)
  7 goblins
  3 hobgoblins
  A quokka (D:1)
  3 ball pythons
  4 frilled lizards
  3 kobolds
  4 rats
43 creatures vanquished.

Notes
Turn   | Place    | Note
-------+----------+-------------------------------------------
     0 | D:1      | qw the Gargoyle Hexslinger began the quest for the Orb.
     0 | D:1      | Reached XP level 1. HP: 12/12 MP: 2/2
     0 | D:1      | 0 ||| qw: Version: 0.3-a-52-g30416fa
     0 | D:1      | 0 ||| qw: Game counter: 7488
     0 | D:1      | 0 ||| qw: Melee chars always use a shield: true
     0 | D:1      | 0 ||| qw: God list: Okawaru
     0 | D:1      | 0 ||| qw: Allow faded altars: false
     0 | D:1      | 0 ||| qw: Do Orc after clearing Dungeon:15 true
     0 | D:1      | 0 ||| qw: Do second Lair branch before Depths: true
     0 | D:1      | 0 ||| qw: Lair rune preference: random
     0 | D:1      | 0 ||| qw: Goals: Normal
     0 | D:1      | 0 ||| PLANNING D:1-11
   174 | D:1      | Reached XP level 2. HP: 16/16 MP: 3/3
   379 | D:1      | Found a faded altar of an unknown god.
   467 | D:1      | Reached skill level 3 in Ranged Weapons
   634 | D:1      | 634 ||| UPGRADING to +0 ring mail.
   644 | D:1      | 644 ||| DROPPING +0 robe.
   645 | D:1      | 645 ||| READING scroll labelled LACROB ZAORURA.
   646 | D:1      | 646 ||| READING scroll labelled AHITURIVEU.
   647 | D:1      | 647 ||| READING scroll labelled OGED ZUAMPISE.
   648 | D:1      | 648 ||| DROPPING scroll of poison.
   746 | D:2      | Reached XP level 3. HP: 21/21 MP: 4/4
   862 | D:2      | Found an iron altar of Okawaru.
   863 | D:2      | 863 ||| PLANNING OKAWARU WORSHIP
   868 | D:2      | Noticed Jessica
   882 | D:2      | Killed Jessica
   883 | D:2      | Reached skill level 4 in Ranged Weapons
   883 | D:2      | Reached XP level 4. HP: 17/26 MP: 5/5
   921 | D:2      | Became a worshipper of Warmaster Okawaru
   922 | D:2      | 922 ||| PLANNING D:1-11
   979 | D:2      | HP: 4/26 [worm (6)]
  1474 | D:2      | 1474 ||| READING scroll labelled EKAMIA NIREDD.
  1495 | D:3      | Reached skill level 1 in Armour
  1512 | D:3      | Noticed a water moccasin
  1522 | D:3      | HP: 6/26 [water moccasin (3)]
  1524 | D:3      | Slain by a water moccasin

Levels and vault maps discovered:
D:1:      dpeg_arrival_tiny_a, layout_basic, shapermc_ecumenical_altar_acropolis
D:2:      layout_basic, basic_altar, grunt_ministairs_14, uniq_jessica
D:3:      layout_rooms, nicolae_overflow_crystal_walls, serial_shops, shop,
          interstate_on_off, grunt_ministairs_9

Skill      XL: |  1  2  3  4 |
---------------+-------------+-----
Ranged Weapons | 3 4 |  4.2
Fighting       | 2 |  2.0
Armour         | 1 |  1.0
Dodging        | |  1.5
Spellcasting   | |  1.0
Hexes          | |  2.6

Action                     |  1- 3 |  4- 6 || total
---------------------------+-------+-------++-------
   Fire: Sling             |   104 |    63 ||   167
    Use: Scroll            |     3 |     1 ||     4
 Armour: Robe              |    12 |       ||    12
         Ring mail         |    16 |    14 ||    30
  Dodge: Dodged            |    34 |    20 ||    54

Table legend:
 A = Non-vault XP
 B = Vault XP
 C = Vault XP percentage of total XP
 D = Non-vault monster count
 E = Vault monster count
 F = Vault count percentage of total count
                 A         B        C        D         E       F
            +---------+---------+-------+---------+---------+-------
      Total |      85 |      48 |  36.1 |      38 |       5 |  11.6
            +---------+---------+-------+---------+---------+-------
        D:1 |      31 |       0 |   0.0 |      20 |       0 |   0.0
        D:2 |      48 |      43 |  47.3 |      16 |       3 |  15.8
        D:3 |       6 |       5 |  45.5 |       2 |       2 |  50.0
            +---------+---------+-------+---------+---------+-------
